 Dungeon Crawl Stone Soup version 0.28-b1-25-g9875b3fc8c (console) character file.

Game seed: 5316503306455093823

28 syban the Digger (level 3, 14/26 HPs)
             Began as a Palentonga Earth Elementalist on Jan 31, 2022.
             Was a Follower of Zin.
             Quit the game on level 1 of the Dungeon.
             The game lasted 00:02:25 (1643 turns).

syban the Digger (Palentonga Earth Elementalist)    Turns: 1643, Time: 00:02:26

Health: 14/26      AC:  5    Str: 13    XL:     3   Next: 0%
Magic:  6/6        EV: 10    Int: 15    God:    Zin [*.....]
Gold:   65         SH:  0    Dex: 10    Spells: 5/6 levels left

rFire   . . .      SeeInvis +   a - +0 short sword
rCold   . . .      Faith    .   (no shield)
rNeg    . . .      Spirit   .   b - +1 robe
rPois   .          Reflect  .   (no helmet)
rElec   .          Harm     .   (no cloak)
rCorr   .          Rampage  .   (no gloves)
Will    .....                   (no barding)
Stlth   +.........              (no amulet)
HPRegen 0.08/turn               (no ring)
MPRegen 0.10/turn               (no ring)

@: about to teleport, weak-willed
A: large, rugged brown scales 3, see invisible, deformed body, roll 1, armoured
tail
a: Rolling Charge, Renounce Religion, Recite, Donate Gold


You were on level 1 of the Dungeon.
You worshipped Zin.
Zin was aware of your devotion.
You visited 1 branch of the dungeon, and saw 1 of its levels.

You collected 72 gold pieces.
You donated 7 gold pieces to Zin.

Inventory:

Hand Weapons
 a - a +0 short sword (weapon)
Missiles
 c - 20 stones
Armour
 b - a +1 robe (worn)
Scrolls
 g - a scroll of teleportation
Potions
 h - a potion of heal wounds {unknown}


   Skills:
 * Level 0.8 Fighting
 * Level 0.5 Armour
 * Level 2.1 Dodging
 - Level 1.2 Stealth
 - Level 2.0 Spellcasting
 - Level 1.0 Transmutations
 + Level 3.1 Earth Magic


You had 5 spell levels left.
You knew the following spells:

 Your Spells              Type           Power      Damage    Failure   Level
a - Sandblast             Erth           20%        2d7       6%          1

Your spell library contained the following spells:

 Spells                   Type           Power      Damage    Failure   Level
 Passwall                 Tmut/Erth      5%         N/A       14%         2
 Stone Arrow              Conj/Erth      12%        3d7       34%         3
 Petrify                  Tmut/Erth      7%         N/A       67%         4


Dungeon Overview and Level Annotations

Branches:
Dungeon (1/15)

Altars:
Zin


Innate Abilities, Weirdness & Mutations

You are completely covered in rugged brown scales. (AC +3, +7% HP)
You have supernaturally acute eyesight. (SInv)
Armour fits poorly on your strangely shaped body.
You can roll at nearby foes to attack.
You have a long armoured tail.


Message History

Found a long sword.
Things that are here:
a +0 dagger; a goblin skeleton
h - a puce potion You now have 72 gold pieces (gained 9).
g - 2 scrolls labelled PILINGUACU (gained 1)
Found a faded altar of an unknown god.
There is a fountain of clear blue water here.
There is an open door here.
You open the door.
There is an open door here.
You open the door.
There is an open door here.
You see here a +0 dagger.
Done exploring.
Done exploring.
Done exploring.
Done exploring.
Search for what [Enter for "."]? .
There is a faded altar of an unknown god here.
There is a faded altar of an unknown god here.
As you read the scroll labelled AFUF ZANTUMYEMP, it crumbles to dust.
It is a scroll of enchant armour.
Your +0 robe glows green for a moment.
As you read the scroll labelled ZIAHAA BOXT, it crumbles to dust.
Magic quickly surges around you.
It was a scroll of vulnerability.
As you read the scroll labelled URIAXT TEURAI, it crumbles to dust.
Your body is wracked with pain!
It was a scroll of torment.
Unknown command.
Press < or > to pray at altars.
As you read the scroll labelled PILINGUACU, it crumbles to dust.
You feel strangely unstable.
It was a scroll of teleportation.
Unknown command.
Press < or > to pray at altars.
You cannot tell which god this altar belongs to.
Convert to them anyway?
Zin accepts your prayer! Zin welcomes you!
You pay a tithe of 7 gold.
You can now donate money to Zin.
You can now recite Zin's Axioms of Law.
Are you sure you want to abandon this character and quit the game? (Confirm with "yes".)

#..# #.....##.......)......#
#..####.........≈P.#).......#
#..#..........PP...#........#
#.......#....PP..P#P........#
#.......#.PP.⌠⌠..P#.)###+####
#....##.#.....⌠...#.......#
.....##.#....P...P#.......#
#....##.#...#..#.#.P......#
###.###.#...#..#@#........#
###.###.#...######P...##.##
........##......#PP.....).#
................#.....##.##
###..#..#.########.##.##.# #
#.....................÷# #
#)....#..#...###.##.#..# #
#.#...#..#...# #.##....#
###.#...#..#...###.##...##


There were no monsters in sight!

Vanquished Creatures
  A dart slug (D:1)
  3 bats (D:1)
  3 endoplasms (D:1)
  2 giant cockroaches (D:1)
  3 goblins (D:1)
  3 hobgoblins (D:1)
  3 quokkas (D:1)
  A frilled lizard (D:1)
  3 kobolds (D:1)
22 creatures vanquished.

Vanquished Creatures (others)
  3 plants (D:1)
3 creatures vanquished.

Grand Total: 25 creatures vanquished

Notes
Turn   | Place    | Note
-------+----------+-------------------------------------------
     0 | D:1      | syban the Palentonga Earth Elementalist began the quest for
                  | the Orb.
     0 | D:1      | Reached XP level 1. HP: 13/13 MP: 3/3
   365 | D:1      | Reached XP level 2. HP: 14/21 MP: 5/5
   883 | D:1      | Reached skill level 3 in Earth Magic
  1155 | D:1      | Reached XP level 3. HP: 5/26 MP: 0/6
  1503 | D:1      | Found a faded altar of an unknown god.
  1642 | D:1      | Prayed at the altar of an unknown god.
  1642 | D:1      | Became a worshipper of Zin the Law-Giver
  1642 | D:1      | Reached * piety under Zin
  1643 | D:1      | Quit the game

Illustrated notes

Levels and vault maps discovered:
D:1:      dpeg_arrival_houses_and_road, layout_basic,
          shapermc_ecumenical_altar_mp_ritualfount

Skill      XL: |  1  2 |
---------------+-------+-----
Dodging        | 2 |  2.1
Earth Magic    | 3 |  3.1
Fighting       | |  0.8
Armour         | |  0.5
Stealth        | |  1.2
Spellcasting   | |  2.0
Transmutations | |  1.0

Action                   || total
-------------------------++-------
Melee: Short sword       ||    46
       Unarmed           ||    12
       Tailslap          ||     5
 Cast: Sandblast         ||    10
  Use: Scroll            ||     4
 Stab: Sleeping          ||     2
Armor: Robe              ||    32
Dodge: Dodged            ||    40
